 Dungeon Crawl Stone Soup version 0.31-a0-180-g519b7de00c (webtiles) character file.

Game seed: 9566760232722595655

3119 Ijustatesigmund the Tainter (level 9, -1/54 HPs)
             Began as an Octopode Venom Mage on June 20, 2023.
             Slain by a yak (16 damage)
             ... on level 8 of the Dungeon.
             The game lasted 00:11:54 (7292 turns).

Ijustatesigmund the Tainter (Octopode Venom Mage)   Turns: 7292, Time: 00:11:55

Health: -1/54      AC:  4    Str:  8    XL:     9   Next: 91%
Magic:  6/18       EV: 13    Int: 29    God:
Gold:   129        SH:  0    Dex: 12    Spells: 10/20 levels left

rFire   . . .        c - +12 lajatang of Bankruptcy {freeze, Will+ rCorr}
rCold   . . .        (shield currently unavailable)
rNeg    . . .        f - +3 crown of Dyrovepreva {rElec Int+2 SInv}
rPois   .            (no amulet)
rElec   +            h - +6 ring of intelligence
rCorr   +            (no ring)
SInv    +            (no ring)
Will    +....        (no ring)
Stlth   +++          (no ring)
HPRegen 0.29/turn    (no ring)
MPRegen 0.16/turn    (no ring)
                     (no ring)

%: no passive effects
@: radiating poison
A: almost no armour, amphibious, 8 rings, camouflage 1, gelatinous body 1,
(nimble swimmer 1), tentacles, mutation resistance 1
a: no special abilities


You were on level 8 of the Dungeon.
You visited 1 branch of the dungeon, and saw 8 of its levels.
You also visited: Sewer.

You collected 327 gold pieces.
You spent 198 gold pieces at shops.

Inventory:

Hand Weapons
 c - the +12 lajatang of Bankruptcy (weapon) {freeze, Will+ rCorr}
   (You acquired it in a sewer)

   rCorr:     It protects you from acid and corrosion.
   Will:      It increases your willpower.
 e - a +1 executioner's axe of chaos
Missiles
 w - 3 throwing nets
Armour
 f - the +3 crown of Dyrovepreva (worn) {rElec Int+2 SInv}
   (You acquired it in a sewer)

   Int:       It affects your intelligence (+2).
   rElec:     It insulates you from electricity.
   SInv:      It lets you see invisible.
 m - a +1 buckler
Jewellery
 h - a +6 ring of intelligence (left tentacle)
Wands
 d - a wand of polymorph (7)
 k - a wand of quicksilver (7)
 p - a wand of flame (24)
 y - a wand of mindburst (12)
Scrolls
 b - a scroll of enchant weapon
 g - a scroll of torment
 o - 2 scrolls of poison
 q - 2 scrolls of teleportation
 s - 3 scrolls of blinking
 u - 2 scrolls of identify
 x - a scroll of fog {unknown}
Potions
 a - 3 potions of magic
 i - 2 potions of mutation
 l - 3 potions of attraction
 n - 3 potions of invisibility
 r - 2 potions of haste
 t - 3 potions of resistance
 v - 3 potions of lignification
 B - 2 potions of heal wounds


   Skills:
 + Level 1.8 Fighting
 + Level 5.0 Staves
 - Level 2.0 Dodging
 - Level 2.6 Stealth
 + Level 6.0 Spellcasting
 + Level 5.8 Conjurations
 - Level 1.0 Transmutations
 + Level 5.9 Air Magic
 + Level 8.3 Poison Magic


You had 10 spell levels left.
You knew the following spells:

 Your Spells              Type           Power      Damage    Failure   Level
a - Sting                 Tmut/Pois      100%       1d8       1%          1
b - Poisonous Vapours     Pois/Air       100%       N/A       1%          2
c - Mephitic Cloud        Conj/Pois/Air  47%        N/A       1%          3
d - Olgreb's Toxic Radia  Pois           54%        N/A       1%          4

Your spell library contained the following spells:

 Spells                   Type           Power      Damage    Failure   Level
 Magic Dart               Conj           100%       1d8       1%          1
 Dazzling Flash           Conj/Hex       50%        N/A       4%          3
 Apportation              Tloc           16%        N/A       5%          1
 Call Imp                 Summ           16%        N/A       9%          2
 Ozocubu's Armour         Ice            8%         N/A       17%         3
 Alistair's Intoxication  Tmut/Pois      23%        N/A       22%         5
 Silence                  Hex/Air        12%        N/A       43%         5
 Manifold Assault         Tloc           8%         N/A       50%         4
 Agony                    Necr           8%         N/A       83%         5
 Dispersal                Tloc           4%         N/A       100%        6
 Ozocubu's Refrigeration  Ice            4%         4d8       100%        7
 Disjunction              Tloc           4%         N/A       100%        8


Dungeon Overview and Level Annotations

Branches:
Dungeon (8/15)             Temple (0/1) D:6           Sewer (visited)
   Lair: D:8-11

Altars:
Elyvilon
Nemelex Xobeh

Shops:
D:3 *   D:6 !


Innate Abilities, Weirdness & Mutations

You cannot wear most types of armour.
You are amphibious.
You can wear up to eight rings at the same time.
Your skin changes colour to match your surroundings (Stealth+).
Your rubbery body absorbs attacks. (AC +1, EV +1)
((You are camouflaged when in or above water. (Stealth+)))
You have tentacles for arms and can constrict up to eight enemies at once.
You are somewhat resistant to further mutation.


Message History

Your attack snaps the yak out of its fear.
The yak is poisoned.
Your attack snaps the yak out of its fear.
The yak is poisoned.
Your attack snaps the yak out of its fear.
The yak is poisoned.
Your attack snaps the yak out of its fear.
The yak is poisoned.
Your attack snaps the yak out of its fear.
The yak is poisoned.
Your attack snaps the centaur out of its fear.
The centaur is poisoned.
The yak looks even sicker. x4
The kobold brigand looks even sicker.
The yak looks even sicker. x3
Casting: Olgreb's Toxic Radiance (dangerous; 1% risk of failure)
Confirm with . or Enter, or press ? or * to list all spells.
Your toxic radiance grows in intensity.
The yak looks even sicker.
The yak looks as sick as possible!
The centaur looks even sicker.
The yak looks even sicker.
The yak looks as sick as possible!
The yak looks even sicker.
The centaur looks even sicker.
The yak gores you but does no damage. The yak closely misses you.
The yak misses you.
The yak looks as sick as possible! x2; The centaur looks as sick as possible!
The centaur wields a +0 orcbow.
The centaur shoots an arrow.
The arrow barely misses you. The yak gores you. The yak barely misses you.
The kobold brigand hits you with a +0 dagger.
Casting: Olgreb's Toxic Radiance (dangerous; 1% risk of failure)
Confirm with . or Enter, or press ? or * to list all spells.
Your toxic radiance grows in intensity.
The yak looks as sick as possible! x3
The centaur looks as sick as possible!
The yak looks as sick as possible! x5
The centaur looks as sick as possible!
You kill the centaur!
The yak gores you but does no damage. The yak barely misses you.
The yak completely misses you. The kobold brigand closely misses you.
Your Staves skill increases to level 5!
The kobold brigand looks even sicker.
You kill the yak!
The yak gores you. The yak gores you!
* * * LOW HITPOINT WARNING * * *
The yak gores you!
You die...

... ... # ..))
># #. .....
#.#...
...[.####....#.
......)........
.()..Y.Y...(..#
.(....Y@Y.....#
....$.K...>....
..(..........##
.............#
)...#........#
...##........#
### #........#
#........#


You could see 4 yaks and a kobold brigand (very poisoned).

Vanquished Creatures
  A hornet (D:7)
  Sigmund (D:2)
  2 yaks
  A water moccasin (D:7)
  3 black bears
  A sky beast (D:7)
  3 ogres (D:4)
  A centaur (D:8)
  2 phantoms
  A kobold brigand (Sewer)
  A bullfrog (D:7)
  A scorpion (D:6)
  6 wights
  4 killer bees (D:6)
  A howler monkey (D:4)
  A jelly (D:5)
  5 orc priests
  7 hounds
  2 gnoll boudas
  2 orc wizards (D:4)
  2 iguanas
  9 adders
  17 gnolls
  3 river rats
  3 worms
  5 dart slugs
  20 orcs
  13 ball pythons
  8 endoplasms
  3 giant cockroaches
  4 goblins
  3 hobgoblins
  8 jackals
  15 kobolds
  2 quokkas (D:1)
  5 bats
  8 frilled lizards
  9 rats
183 creatures vanquished.

Notes
Turn   | Place    | Note
-------+----------+-------------------------------------------
     0 | D:1      | Ijustatesigmund the Octopode Venom Mage began the quest for
                  | the Orb.
     0 | D:1      | Reached XP level 1. HP: 11/11 MP: 3/3
   307 | D:1      | Reached XP level 2. HP: 16/18 MP: 3/5
   313 | D:1      | Learned a level 2 spell: Poisonous Vapours
   442 | D:1      | Reached skill level 1 in Fighting
   487 | D:1      | Reached skill level 4 in Poison Magic
   546 | D:1      | Reached XP level 3. HP: 14/23 MP: 6/6
   550 | D:1      | Learned a level 3 spell: Mephitic Cloud
   909 | D:2      | Gained mutation: You occasionally lose the ability to drink
                  | potions when taking damage. [potion of mutation]
   909 | D:2      | Gained mutation: One of your tentacles bears a spike.
                  | [potion of mutation]
  1375 | D:2      | Lost mutation: One of your tentacles bears a spike. [potion
                  | of mutation]
  1375 | D:2      | Lost mutation: You occasionally lose the ability to drink
                  | potions when taking damage. [potion of mutation]
  1375 | D:2      | Gained mutation: You occasionally lose the ability to read
                  | scrolls when taking damage. [potion of mutation]
  1450 | D:2      | Reached skill level 1 in Air Magic
  1512 | D:2      | Noticed Sigmund
  1523 | D:2      | Killed Sigmund
  1524 | D:2      | Reached skill level 5 in Poison Magic
  1524 | D:2      | Reached XP level 4. HP: 3/28 MP: 6/8
  1524 | D:2      | Reached XP level 5. HP: 4/33 MP: 6/9
  1912 | D:3      | Found Lojuc's Assorted Antiques.
  1915 | D:3      | Reached XP level 6. HP: 38/38 MP: 8/10
  1998 | D:3      | Bought a scroll labelled HEXZUM PERARADO for 20 gold pieces
  1998 | D:3      | Bought a scroll labelled RIKKET WAJECOF for 20 gold pieces
  1998 | D:3      | Bought a bubbling cyan potion for 18 gold pieces
  2121 | D:3      | Lost mutation: You occasionally lose the ability to read
                  | scrolls when taking damage. [potion of mutation]
  2121 | D:3      | Gained mutation: You are somewhat resistant to further
                  | mutation. [potion of mutation]
  2227 | D:3      | Found a faded altar of an unknown god.
  2367 | D:3      | Found a glowing drain.
  2380 | Sewer    | Entered a sewer
  2936 | Sewer    | Identified 2 scrolls of acquirement
  2936 | Sewer    | Acquired the +12 lajatang of Bankruptcy {freeze, Will+
                  | rCorr}
  2942 | Sewer    | Acquired the +3 crown of Dyrovepreva {rElec Int+2 SInv}
  2942 | Sewer    | Found the +3 crown of Dyrovepreva {rElec Int+2 SInv}
  3061 | D:4      | Reached XP level 7. HP: 40/43 MP: 12/12
  3103 | D:4      | Reached skill level 1 in Staves
  3202 | D:4      | Reached skill level 6 in Poison Magic
  3454 | D:4      | Identified the +10 quarterstaff "Woostir" {holy, Str+2
                  | Dex+2}
  3610 | D:4      | Reached XP level 8. HP: 48/48 MP: 14/14
  3623 | D:4      | Learned a level 4 spell: Olgreb's Toxic Radiance
  3829 | D:5      | Entered Level 5 of the Dungeon
  4007 | D:5      | Found a white marble altar of Elyvilon.
  4672 | D:6      | Reached skill level 5 in Spellcasting
  4672 | D:6      | Reached skill level 7 in Poison Magic
  4691 | D:6      | Reached XP level 9. HP: 25/53 MP: 16/16
  4926 | D:6      | Reached skill level 5 in Air Magic
  4927 | D:6      | Reached skill level 5 in Conjurations
  4930 | D:6      | Found Moseuc's Distillery.
  5016 | D:6      | Bought 2 potions of heal wounds for 140 gold pieces
  5326 | D:6      | Found a staircase to the Ecumenical Temple.
  5391 | D:6      | Found a sparkling altar of Nemelex Xobeh.
  6316 | D:7      | Reached skill level 8 in Poison Magic
  6435 | D:7      | Noticed a hornet
  6442 | D:7      | Killed a hornet
  7292 | D:8      | Reached skill level 5 in Staves
  7292 | D:8      | Slain by a yak

Illustrated notes

Levels and vault maps discovered:
D:1:      minmay_arrival_four_houses, layout_loops_ring
D:2:      layout_basic, uniq_sigmund
D:3:      layout_rooms, serial_shops, nicolae_shop_tiny_statue_garden,
          shapermc_ecumenical_altar_venn, portal_sewer_entry_c
D:4:      layout_basic
D:5:      layout_cave_pods, old_standard_altar
D:6:      layout_cave_pods, nemelex_spade_bored_becter,
          minmay_temple_entry_junction, serial_shops,
          nicolae_shop_temple_entry_statues_fountains
D:7:      cheibrodos_iron_armory, layout_cave_pools
D:8:      layout_rooms, lemuel_doored_altar

Skill      XL: |  1  2  3  4  5  6  7  8  9 |
---------------+----------------------------+-----
Fighting       | 1 |  1.8
Poison Magic   | 4 5 6 7 8 |  8.3
Air Magic      | 2 3 4 5 |  5.9
Spellcasting   | 3 4 5 6 |  6.0
Conjurations   | 2 3 4 5 |  5.8
Staves         | 2 3 5 |  5.0
Dodging        | |  2.0
Stealth        | |  2.6
Transmutations | |  1.0

Action                     |  1- 3 |  4- 6 |  7- 9 || total
---------------------------+-------+-------+-------++-------
  Melee: Unarmed           |    28 |       |       ||    28
         Tentacles         |    11 |     6 |    18 ||    35
         Constrict         |    16 |    13 |    25 ||    54
         Punch             |     1 |       |     1 ||     2
         Executioner's axe |    50 |       |       ||    50
         Kick              |     4 |       |       ||     4
         Halberd           |       |    68 |       ||    68
         Lajatang          |       |     4 |   131 ||   135
   Cast: Sting             |     9 |     1 |     1 ||    11
         Poisonous Vapours |     5 |     4 |    15 ||    24
         Mephitic Cloud    |       |     1 |       ||     1
         Olgreb's Toxic Ra |       |       |    13 ||    13
    Use: Potion            |     3 |     1 |     2 ||     6
         Scroll            |       |    12 |     9 ||    21
   Stab: Sleeping          |     8 |     8 |     7 ||    23
         Distracted        |     1 |       |       ||     1
         Confused          |       |     1 |       ||     1
 Armour: Skin              |     4 |     7 |    30 ||    41
  Dodge: Dodged            |    60 |    39 |   115 ||   214

Table legend: (Time is in decaauts)
 A = Elapsed time spent in this place.
 B = Non-inter-level travel time spent in this place.
 C = Inter-level travel time spent in this place.
 D = Time resting spent in this place.
 E = Time spent auto-exploring this place.
 F = Levels seen in this place.
 G = Mean time per level.
                   A        B        C        D        E       F      G
               +--------+--------+--------+--------+--------+-----+--------+
         Total |   7406 |   7168 |    238 |   1528 |   4435 |   9 |  822.9 |
       Dungeon |   6789 |   6551 |    238 |   1360 |   4173 |   8 |  848.6 |
         Sewer |    617 |    617 |      0 |    168 |    262 |   1 |  617.0 |
               +--------+--------+--------+--------+--------+-----+--------+

Top non-repeatable levels by time:
     D:6: 1589 daAuts
     D:7: 1110 daAuts
     D:2: 1069 daAuts
     D:1: 887 daAuts
     D:4: 792 daAuts
     D:5: 767 daAuts
   Sewer: 617 daAuts
     D:3: 555 daAuts
     D:8: 16 daAuts
